[ AOE2 MATCH · #513649479 ]
UnrankedHuns vs Persians
Player's team · WIN
Rival team · LOSS
[ REPLAY ANALYSIS · EXTRACTED FROM THE RECORDED GAME ]
Feudal
11:33
Castle
23:20
Imperial
42:44
| APM avg | 54.7 |
| APM peak | 99 |
| eAPM avg | 23.1 |
| Villagers / military | 167 / 161 |
Focus
⚔️ 59.5% · 🌾 40.5%
Knight ×102 · Archer ×29 · Spearman ×18 · Militia ×5 · Mangonel ×3 · Battering Ram ×3
Feudal
8:55
Castle
23:09
Imperial
—
| APM avg | 31.8 |
| APM peak | 73 |
| eAPM avg | 19.0 |
| Villagers / military | 73 / 109 |
Focus
⚔️ 34.7% · 🌾 65.3%
Camel Scout ×52 · Skirmisher ×36 · Knight ×12 · Scout Cavalry ×4 · Monk ×3 · Battering Ram ×2
Match map
Initial resources + every placement click. Lines = walls · curves = elevation contours. ◆ gold · ⬟ stone · ● berries · ✦ relic · ◌ wall gap
Your base· Open — opponent sealed themselves in
knujacakapibara's base· ✓ Closed at 23:09 · 39t walls · 1 gate(s)
Smoothed initial terrain · ◌ = detected wall gap · hover for details
Inputs per minute
— Paternal MilK - - knujacakapibara
Build order — Paternal MilK
First 150 of 319 actions detected
| 0:00 | Queue | Villager (Male) |
| 0:01 | Queue | Villager (Male) |
| 0:19 | Queue | Villager (Male) |
| 0:43 | Queue | Villager (Male) |
| 1:09 | Queue | Villager (Male) |
| 1:36 | Queue | Villager (Male) |
| 2:00 | Queue | Villager (Male) |
| 2:11 | Build | Lumber Camp |
| 2:16 | Queue | Villager (Male) |
| 2:35 | Queue | Villager (Male) |
| 3:03 | Queue | Villager (Male) |
| 3:34 | Queue | Villager (Male) |
| 4:05 | Queue | Villager (Male) |
| 4:27 | Queue | Villager (Male) |
| 4:45 | Build | Barracks |
| 5:04 | Queue | Villager (Male) |
| 5:35 | Queue | Villager (Male) |
| 5:37 | Queue | Militia |
| 5:37 | Queue | Militia |
| 5:49 | Build | Mill |
| 6:03 | Queue | Militia |
| 6:06 | Queue | Villager (Male) |
| 6:30 | Queue | Villager (Male) |
| 6:32 | Queue | Militia |
| 6:42 | Build | Farm |
| 7:00 | Queue | Villager (Male) |
| 7:09 | Queue | Villager (Male) |
| 7:16 | Build | Mining Camp |
| 7:40 | Queue | Villager (Male) |
| 7:44 | Queue | Villager (Male) |
| 7:55 | Build | Farm |
| 8:16 | Queue | Villager (Male) |
| 8:31 | Queue | Villager (Male) |
| 8:33 | Build | Farm |
| 8:42 | Research | Loom |
| 9:23 | Research | Feudal Age |
| 9:37 | Build | Farm |
| 9:48 | Queue | Militia |
| 10:39 | Build | Palisade Wall |
| 10:40 | Build | Palisade Wall |
| 10:43 | Build | Palisade Wall |
| 10:44 | Build | Palisade Wall |
| 10:46 | Build | Palisade Wall |
| 10:57 | Queue | Villager (Male) |
| 11:28 | Build | Palisade Wall |
| 11:29 | Build | Palisade Wall |
| 11:33 | Age | Feudal Age |
| 11:53 | Build | Archery Range |
| 11:53 | Build | Archery Range |
| 12:06 | Queue | Villager (Male) |
| 12:09 | Research | Double-Bit Axe |
| 12:10 | Queue | Villager (Male) |
| 12:19 | Build | Palisade Wall |
| 12:23 | Queue | Villager (Male) |
| 12:32 | Build | Palisade Wall |
| 12:37 | Queue | Archer |
| 12:49 | Queue | Spearman |
| 12:52 | Queue | Villager (Male) |
| 12:54 | Build | Farm |
| 13:06 | Queue | Archer ×3 |
| 13:07 | Queue | Villager (Male) |
| 13:17 | Build | Palisade Wall |
| 13:21 | Build | Palisade Wall |
| 13:43 | Queue | Villager (Male) |
| 13:57 | Build | Blacksmith |
| 14:11 | Queue | Archer |
| 14:11 | Queue | Archer |
| 14:21 | Queue | Villager (Male) |
| 14:31 | Build | Lumber Camp |
| 14:32 | Queue | Villager (Male) |
| 14:38 | Queue | Archer ×2 |
| 14:38 | Queue | Archer |
| 14:45 | Research | Fletching |
| 14:59 | Queue | Villager (Male) |
| 15:02 | Build | Farm |
| 15:09 | Build | Palisade Wall |
| 15:13 | Build | Palisade Wall |
| 15:14 | Queue | Villager (Male) |
| 15:20 | Queue | Archer ×2 |
| 15:21 | Queue | Archer |
| 15:27 | Build | Palisade Wall |
| 15:38 | Queue | Archer ×2 |
| 15:38 | Queue | Archer |
| 15:44 | Research | Wheelbarrow |
| 15:58 | Queue | Archer |
| 15:58 | Queue | Archer |
| 16:07 | Research | Padded Archer Armor |
| 16:08 | Queue | Villager (Male) |
| 16:30 | Build | Farm |
| 16:30 | Queue | Villager (Male) |
| 16:35 | Build | Farm |
| 16:37 | Build | Farm |
| 17:05 | Queue | Archer ×3 |
| 17:06 | Queue | Villager (Male) |
| 17:08 | Build | Palisade Wall |
| 17:20 | Queue | Archer ×2 |
| 17:48 | Build | Farm |
| 17:50 | Build | Farm |
| 18:04 | Queue | Archer |
| 18:14 | Queue | Villager (Male) |
| 18:18 | Queue | Spearman |
| 18:24 | Build | Farm |
| 18:24 | Build | Farm |
| 18:57 | Queue | Villager (Male) |
| 19:00 | Build | Market |
| 19:08 | Queue | Archer ×2 |
| 19:25 | Build | Palisade Wall |
| 19:30 | Build | Palisade Wall |
| 19:35 | Queue | Villager (Male) |
| 19:39 | Queue | Archer ×4 |
| 19:57 | Build | Farm |
| 20:01 | Queue | Villager (Male) |
| 20:40 | Build | Stable |
| 20:40 | Research | Castle Age |
| 20:47 | Build | Farm |
| 20:49 | Build | Farm |
| 21:08 | Build | Palisade Wall |
| 21:14 | Build | Lumber Camp |
| 21:28 | Research | Horse Collar |
| 21:50 | Build | Farm |
| 22:18 | Build | Stable |
| 22:54 | Research | Scale Barding Armor |
| 22:56 | Research | Bloodlines |
| 23:15 | Build | Farm |
| 23:20 | Age | Castle Age |
| 23:24 | Research | Crossbowman (upgrade) |
| 23:26 | Queue | Knight |
| 23:26 | Queue | Knight |
| 23:27 | Queue | Villager (Male) |
| 23:34 | Build | Town Center |
| 23:42 | Queue | Knight |
| 23:43 | Queue | Villager (Male) |
| 23:48 | Build | Town Center |
| 24:09 | Queue | Knight |
| 24:23 | Queue | Villager (Male) |
| 24:33 | Queue | Knight |
| 24:53 | Research | Husbandry |
| 24:55 | Queue | Knight |
| 24:56 | Queue | Villager (Male) |
| 25:19 | Queue | Knight |
| 25:19 | Queue | Knight |
| 25:29 | Queue | Villager (Male) |
| 25:39 | Build | Siege Workshop |
| 25:59 | Queue | Knight ×2 |
| 25:59 | Queue | Knight ×2 |
| 26:00 | Queue | Villager (Male) |
| 26:19 | Queue | Villager (Male) |
| 26:21 | Queue | Villager (Male) ×4 |
| 26:21 | Queue | Villager (Male) ×4 |
| 26:26 | Build | Farm |
Build order — knujacakapibara
First 150 of 314 actions detected
| 0:00 | Queue | Villager (Male) |
| 0:01 | Queue | Villager (Male) |
| 0:01 | Queue | Villager (Male) |
| 0:02 | Build | House |
| 0:04 | Build | House |
| 0:33 | Queue | Villager (Male) |
| 0:48 | Queue | Villager (Male) |
| 1:33 | Queue | Villager (Male) |
| 1:49 | Build | Lumber Camp |
| 2:02 | Queue | Villager (Male) |
| 2:40 | Queue | Villager (Male) |
| 3:01 | Queue | Villager (Male) |
| 3:15 | Queue | Villager (Male) |
| 3:15 | Queue | Villager (Male) |
| 3:21 | Build | House |
| 4:01 | Queue | Villager (Male) |
| 4:21 | Build | Mill |
| 4:26 | Queue | Villager (Male) |
| 4:26 | Queue | Villager (Male) |
| 4:44 | Queue | Villager (Male) |
| 5:15 | Queue | Villager (Male) |
| 6:07 | Queue | Villager (Male) |
| 6:51 | Research | Feudal Age |
| 6:56 | Build | Barracks |
| 7:05 | Build | House |
| 7:40 | Build | House |
| 7:45 | Queue | Villager (Male) |
| 7:45 | Queue | Villager (Male) |
| 7:46 | Research | Loom |
| 8:22 | Build | House |
| 8:37 | Build | House |
| 8:42 | Build | Palisade Wall |
| 8:55 | Age | Feudal Age |
| 8:57 | Build | Stable |
| 9:45 | Queue | Scout Cavalry |
| 9:45 | Queue | Scout Cavalry |
| 9:53 | Queue | Scout Cavalry |
| 9:54 | Build | House |
| 9:56 | Build | Palisade Wall |
| 10:16 | Queue | Villager (Male) |
| 10:43 | Build | House |
| 10:51 | Queue | Villager (Male) |
| 10:54 | Build | Farm |
| 10:55 | Build | Farm |
| 11:01 | Build | House |
| 11:14 | Queue | Scout Cavalry |
| 11:25 | Queue | Villager (Male) |
| 11:48 | Queue | Villager (Male) |
| 11:55 | Build | Farm |
| 11:55 | Build | Farm |
| 11:55 | Build | Farm |
| 11:55 | Build | Farm |
| 12:30 | Queue | Villager (Male) |
| 12:30 | Queue | Villager (Male) |
| 12:34 | Build | Farm |
| 12:46 | Build | House |
| 12:49 | Queue | Villager (Male) |
| 13:00 | Queue | Villager (Male) |
| 13:03 | Build | Farm |
| 13:09 | Queue | Villager (Male) |
| 13:14 | Build | House |
| 13:18 | Build | Palisade Wall |
| 13:27 | Queue | Villager (Male) |
| 13:34 | Queue | Villager (Male) |
| 13:38 | Research | Double-Bit Axe |
| 13:45 | Build | Palisade Wall |
| 14:02 | Queue | Villager (Male) |
| 14:30 | Build | Archery Range |
| 14:36 | Queue | Villager (Male) |
| 14:53 | Queue | Villager (Male) |
| 15:00 | Research | Horse Collar |
| 15:12 | Queue | Skirmisher |
| 15:12 | Queue | Skirmisher |
| 15:17 | Build | House |
| 15:27 | Build | House |
| 15:28 | Build | Palisade Wall |
| 15:34 | Queue | Skirmisher |
| 15:42 | Build | Blacksmith |
| 15:54 | Queue | Villager (Male) |
| 15:56 | Queue | Skirmisher |
| 16:08 | Build | Mining Camp |
| 16:11 | Queue | Villager (Male) |
| 16:28 | Research | Padded Archer Armor |
| 16:32 | Queue | Skirmisher |
| 16:33 | Queue | Villager (Male) |
| 16:38 | Build | Lumber Camp |
| 16:53 | Build | Farm |
| 17:00 | Queue | Skirmisher |
| 17:05 | Queue | Villager (Male) |
| 17:28 | Queue | Villager (Male) |
| 17:30 | Research | Wheelbarrow |
| 17:57 | Research | Fletching |
| 18:06 | Queue | Villager (Male) |
| 18:08 | Build | Farm |
| 18:09 | Build | Farm |
| 18:33 | Queue | Villager (Male) |
| 18:50 | Build | Farm |
| 18:57 | Queue | Skirmisher |
| 19:10 | Build | Farm |
| 19:14 | Build | Farm |
| 19:17 | Build | Farm |
| 19:20 | Build | Farm |
| 19:23 | Build | Farm |
| 19:26 | Build | Farm |
| 19:41 | Build | Farm |
| 19:45 | Queue | Villager (Male) |
| 19:53 | Build | Farm |
| 19:56 | Build | Farm |
| 20:12 | Queue | Villager (Male) |
| 20:33 | Build | Farm |
| 20:34 | Build | Farm |
| 20:43 | Research | Castle Age |
| 20:47 | Build | Palisade Gate |
| 20:58 | Queue | Skirmisher |
| 21:18 | Research | Gold Mining |
| 21:27 | Queue | Skirmisher |
| 21:40 | Research | Scale Barding Armor |
| 21:43 | Queue | Skirmisher |
| 21:47 | Build | Farm |
| 22:14 | Queue | Skirmisher |
| 22:23 | Build | Farm |
| 22:39 | Queue | Skirmisher |
| 22:50 | Build | Archery Range |
| 23:01 | Build | Farm |
| 23:09 | Queue | Skirmisher |
| 23:09 | Age | Castle Age |
| 23:11 | Research | Bodkin Arrow |
| 23:18 | Queue | Knight |
| 23:30 | Queue | Villager (Male) |
| 23:41 | Research | Crossbowman (upgrade) |
| 23:45 | Research | Elite Skirmisher (upgrade) |
| 23:50 | Queue | Skirmisher |
| 23:50 | Queue | Skirmisher |
| 24:22 | Queue | Skirmisher |
| 24:22 | Queue | Skirmisher |
| 24:30 | Research | Bow Saw |
| 24:33 | Queue | Skirmisher |
| 24:34 | Queue | Skirmisher |
| 24:48 | Queue | Villager (Male) |
| 24:48 | Queue | Villager (Male) |
| 24:57 | Build | House |
| 25:09 | Build | Palisade Wall |
| 25:11 | Build | Palisade Wall |
| 25:28 | Queue | Villager (Male) |
| 25:31 | Queue | Skirmisher |
| 25:39 | Build | Monastery |
| 25:56 | Queue | Skirmisher |
| 25:59 | Build | House |
| 26:14 | Queue | Villager (Male) |
| 26:22 | Queue | Monk |
Match timeline
| 4:45 | Paternal MilK · first_building Barracks |
| 6:56 | knujacakapibara · first_building Barracks |
| 8:42 | knujacakapibara · wall_segment Palisade Wall x10 |
| 8:55 | knujacakapibara · age_up feudal |
| 8:57 | knujacakapibara · first_building Stable |
| 9:56 | knujacakapibara · wall_segment Palisade Wall x4 |
| 10:39 | Paternal MilK · wall_segment Palisade Wall x1 |
| 10:40 | Paternal MilK · wall_segment Palisade Wall x1 |
| 10:43 | Paternal MilK · wall_segment Palisade Wall x2 |
| 10:44 | Paternal MilK · wall_segment Palisade Wall x1 |
| 10:46 | Paternal MilK · wall_segment Palisade Wall x4 |
| 11:28 | Paternal MilK · wall_segment Palisade Wall x1 |
| 11:29 | Paternal MilK · wall_segment Palisade Wall x1 |
| 11:33 | Paternal MilK · age_up feudal |
| 11:53 | Paternal MilK · first_building Archery Range |
| 12:19 | Paternal MilK · wall_segment Palisade Wall x3 |
| 12:32 | Paternal MilK · wall_segment Palisade Wall x3 |
| 13:17 | Paternal MilK · wall_segment Palisade Wall x1 |
| 13:18 | knujacakapibara · wall_segment Palisade Wall x5 |
| 13:21 | Paternal MilK · wall_segment Palisade Wall x1 |
| 13:45 | knujacakapibara · wall_segment Palisade Wall x19 |
| 14:30 | knujacakapibara · first_building Archery Range |
| 15:09 | Paternal MilK · wall_segment Palisade Wall x5 |
| 15:13 | Paternal MilK · wall_segment Palisade Wall x10 |
| 15:27 | Paternal MilK · wall_segment Palisade Wall x5 |
| 15:28 | knujacakapibara · wall_segment Palisade Wall x1 |
| 17:08 | Paternal MilK · wall_segment Palisade Wall x1 |
| 19:25 | Paternal MilK · wall_segment Palisade Wall x2 |
| 19:30 | Paternal MilK · wall_segment Palisade Wall x14 |
| 19:51 | Paternal MilK · first_market_buy 100 food |
| 20:40 | Paternal MilK · first_building Stable |
| 21:08 | Paternal MilK · wall_segment Palisade Wall x3 |
| 23:09 | knujacakapibara · age_up castle |
| 23:20 | Paternal MilK · age_up castle |
| 25:09 | knujacakapibara · wall_segment Palisade Wall x1 |
| 25:11 | knujacakapibara · wall_segment Palisade Wall x1 |
| 25:39 | knujacakapibara · first_building Monastery |
| 25:39 | Paternal MilK · first_building Siege Workshop |
| 27:30 | Paternal MilK · first_building Monastery |
| 33:09 | Paternal MilK · wall_segment Palisade Wall x5 |
| 33:53 | knujacakapibara · wall_segment Palisade Wall x2 |
| 35:32 | Paternal MilK · first_building Castle |
| 35:38 | knujacakapibara · wall_segment Palisade Wall x1 |
| 38:35 | Paternal MilK · first_market_sell 100 food |
| 39:38 | knujacakapibara · first_building Siege Workshop |
| 42:44 | Paternal MilK · age_up imperial |
| 43:03 | knujacakapibara · first_market_sell 100 wood |
| 43:13 | knujacakapibara · first_market_buy 100 wood |
| 44:24 | knujacakapibara · resign |
[ AI ANALYSIS · 1 CREDIT ]
What really happened in this match?
Wolo.gg analyzes every decision: build order, eco, micro, common mistakes by bracket. Personalized analysis on WhatsApp or Discord in 30 seconds.
Civ guide
Huns
Perfil
Jugador #26118334